[Event "Early-Titled-Tuesday-Blitz-April-02-2024"]
[Site "Chess.com"]
[Date "2024.04.02"]
[Round "2"]
[White "falzehope0"]
[Black "FREDERICKtheMATE"]
[Result "0-1"]
[WhiteElo "2379"]
[BlackElo "2679"]
[TimeControl "180+1"]
[EndTime "8:17:25 PDT"]
[Termination "FREDERICKtheMATE won on time"]

1. d4 c6 2. e3 d5 3. Bd3 Nf6 4. f4 Bg4 5. Ne2 e6 6. O-O Nbd7 7. Nd2 Bf5 8. Ng3 g6 9. b3 h5 10. Nh1 h4 11. Nf2 Bxd3 12. cxd3 a5 13. Nf3 a4 14.
Rb1 axb3 15. axb3 Ra2 16. Bb2 Be7 17. Nh3 Kf8 18. Ne5 Nxe5 19. fxe5 Nh5 20. Qf3 Rh7 21. Rf2 Kg8 22. Rbf1 Qe8 23. Qg4 Ra5 24. Bc3 Ra3 25. Bb4 Bxb4 26. Ng5 Rg7 27. Nxf7 b5 28. Ng5 Raa7 29. Nxe6 Qc8 30. Qh3 Rh7 31. Rf8+ Bxf8 32. Rxf8+ Qxf8 33. Nxf8 Kxf8 34. Qc8+ Kg7 35. Qxc6 Rh8 36.
Qxd5 Ng3 37. hxg3 hxg3 38. Kf1 Rf8+ 39. Ke1 Rf2 0-1

[Event "Early-Titled-Tuesday-Blitz-April-02-2024"]
[Site "Chess.com"]
[Date "2024.04.02"]
[Round "2"]
[White "sebsep"]
[Black "arnash_bauyrzhan"]
[Result "1-0"]
[WhiteElo "2607"]
[BlackElo "2355"]
[TimeControl "180+1"]
[EndTime "8:17:25 PDT"]
[Termination "sebsep won on time"]

1. e4 c5 2. Nf3 e6 3. d4 cxd4 4. Nxd4 a6 5. c4 Nf6 6. Nc3 Bb4 7. Qd3 Qc7 8. Nc2 Bxc3+ 9. Qxc3 d6 10. f3 e5 11. Be2 Be6 12. Be3 Nbd7 13. O-O Rc8 14. Rfc1 O-O 15. Qd2 Qb8 16. Nb4 Rfd8 17. Nd5 Bxd5 18.
cxd5 b5 19. Rc6 Rxc6 20. dxc6 Nc5 21. b4 Ne6 22. Rc1 Qc7 23. a4 d5 24. axb5 dxe4 25. b6 Qxb6 26. Bxb6 Rxd2 27. c7 Nxc7 28. Rxc7 h6 29.
Kf2 exf3 30. gxf3 Nd5 31. Rc8+ Kh7 32. Bc5 Nf4 33. Ra8 Rxe2+ 34. Kf1 Rxh2 35. Rxa6 Nd3 36. Bd6 Rb2 37. Rb6 Rf2+ 38. Kg1 Rxf3 39. b5 e4 40. Rb8 e3 41. Re8 Nf4 42. b6 1-0

[Event "Early-Titled-Tuesday-Blitz-April-02-2024"]
[Site "Chess.com"]
[Date "2024.04.02"]
[Round "2"]
[White "maximnovik"]
[Black "BardArtem"]
[Result "0-1"]
[WhiteElo "2588"]
[BlackElo "2846"]
[TimeControl "180+1"]
[EndTime "8:17:26 PDT"]
[Termination "BardArtem won by checkmate"]

1. e4 d5 2. exd5 Qxd5 3. Nc3 Qe5+ 4. Nge2 Nf6 5. d4 Qa5 6. g3 c6 7. Bg2 Bf5 8. h3 e6 9. Bd2 Qd8 10. Be3 h6 11. Qd2 Nbd7 12. O-O-O Nb6 13. Nf4 Bb4 14.
Kb1 Na4 15. Nfe2 Be4 16. f3 Bh7 17. Ka1 Nd5 18. f4 Naxc3 19. bxc3 Ba5 20. Bxd5 cxd5 21. Rb1 O-O 22. Rb3 a6 23. g4 b5 24. Rf1 Re8 25.
f5 exf5 26. gxf5 Qe7 27. Rf3 Qe4 28. Rg3 Bxf5 29. Bxh6 Qxe2 30. Qg5 Bg6 31. Bxg7 Kxg7 32. h4 Qe1+ 33. Rb1 Bxc3+ 34. Rxc3 Qxc3+ 35. Rb2 Re1+ 36. Qc1 Rxc1# 0-1

[Event "Early-Titled-Tuesday-Blitz-April-02-2024"]
[Site "Chess.com"]
[Date "2024.04.02"]
[Round "2"]
[White "Manukyan_Artak"]
[Black "Oleksandr_Bortnyk"]
[Result "0-1"]
[WhiteElo "2545"]
[BlackElo "3040"]
[TimeControl "180+1"]
[EndTime "8:17:26 PDT"]
[Termination "Oleksandr_Bortnyk won on time"]

1. e4 g6 2. d4 Bg7 3. c4 d6 4. Nc3 Nf6 5. f3 a6 6. Bg5 c5 7.
dxc5 Qa5 8. Qd2 Qxc5 9. Nd5 Nxd5 10. cxd5 Qb6 11. Rb1 Bd4 12. Ne2 Bf2+ 13. Kd1 Nd7 14.
Nc3 Ne5 15. a4 Bd7 16. a5 Qa7 17. b3 Rc8 18. Na4 h6 19. Bf4 g5 20. Bxe5 dxe5 21.
d6 Be3 22. Qd5 exd6 23. Bc4 Be6 24. Qd3 O-O 25. Bxe6 fxe6 26. Ke2 g4 27. Rhd1 Bd4 28.
Rdc1 gxf3+ 29. gxf3 Kh8 30. Qd2 Kh7 0-1

[Event "Early-Titled-Tuesday-Blitz-April-02-2024"]
[Site "Chess.com"]
[Date "2024.04.02"]
[Round "2"]
[White "IsuruAlahakoon"]
[Black "NewBornNow"]
[Result "0-1"]
[WhiteElo "2401"]
[BlackElo "2818"]
[TimeControl "180+1"]
[EndTime "8:17:27 PDT"]
[Termination "NewBornNow won by resignation"]

1. Nf3 d5 2. e3 e6 3. b3 c5 4. Bb2 Nc6 5. Bb5 Ne7 6. c4 a6 7. Ba4 Bd7 8. O-O b5 9. cxb5 Nb4 10. bxa6 Bxa4 11. bxa4 Nd3 12. Bc3 Nc6 13. Qe2 c4 14.
Ne1 Nxe1 15. Rxe1 Rxa6 16. d3 Rxa4 17. Qc2 Qa8 18. Bb2 Nb4 19. Qd2 Nxd3 20. Nc3 Bb4 21. a3 Nxb2 22. Qxb2 Bxc3 23. Qxc3 O-O 24. h4 h6 25.
Reb1 Rb8 26. Rxb8+ Qxb8 27. Qc2 Qa7 28. Qb2 h5 29. g3 g6 30. Kg2 Ra6 31. Qd4 Qxd4 32. exd4 Kf8 33. Kf3 Ke7 34. Ke3 Kd6 35. Kd2 Rb6 36.
Kc3 Rb3+ 37. Kc2 Kc6 38. a4 Kb6 39. Ra2 Ka5 40. Kd2 Rd3+ 41. Ke2 Rxd4 42. Rb2 c3 43. Rb3 c2 44. Rc3 Rc4 45. Rxc4 dxc4 46. Kd2 Kxa4 47. Kxc2 Kb4 48. Kb2 c3+ 49. Kc2 Kc4 0-1

[Event "Early-Titled-Tuesday-Blitz-April-02-2024"]
[Site "Chess.com"]
[Date "2024.04.02"]
[Round "2"]
[White "smotherhubbard"]
[Black "chess_blitz00"]
[Result "1-0"]
[WhiteElo "2359"]
[BlackElo "2539"]
[TimeControl "180+1"]
[EndTime "8:17:27 PDT"]
[Termination "smotherhubbard won on time"]

1. d4 d6 2. e4 Nf6 3. Nc3 e5 4. Nf3 Nbd7 5. Bc4 Be7 6. O-O O-O 7. h3 h6 8. Be3 c6 9. Bb3 a5 10. a4 Re8 11. Re1 Qc7 12. Nh4 Nxe4 13. Bxf7+ Kxf7 14. Qh5+ Kg8 15. Qxe8+ Bf8 16. Nxe4 d5 17. Ng3 Nf6 18. Qg6 e4 19. Nhf5 Kh8 20. Nxh6 Bd7 21. Ngf5 Be8 22.
Qg5 Nh7 23. Qg4 gxh6 24. Bf4 Qf7 25. Be5+ Nf6 26. Qh4 Bg7 27. Nxg7 Kg8 28. Bxf6 Qg6 29. Re3 Kh7 30. Rg3 Qf7 31. Nf5 Qh5 32. Rg7+ Kh8 33. Rg6+ Kh7 34. Qxh5 1-0

[Event "Early-Titled-Tuesday-Blitz-April-02-2024"]
[Site "Chess.com"]
[Date "2024.04.02"]
[Round "2"]
[White "NovakRatko"]
[Black "MikeWizard"]
[Result "0-1"]
[WhiteElo "2452"]
[BlackElo "2184"]
[TimeControl "180+1"]
[EndTime "8:17:27 PDT"]
[Termination "MikeWizard won by resignation"]

1. d4 Nf6 2. c4 g6 3. Nc3 Bg7 4. e4 d6 5. f3 O-O 6. Be3 c5 7. dxc5 dxc5 8. Qxd8 Rxd8 9. Bxc5 Nc6 10. Nd5 Nxd5 11. cxd5 Nd4 12. O-O-O e5 13. Bxd4 exd4 14. Ne2 f5 15. Nxd4 fxe4 16. fxe4 Bg4 17. Be2 Rac8+ 18.
Kb1 Bxe2 19. Nxe2 Rc4 20. Ng3 h5 21. Rc1 Rb4 22. b3 h4 23. Ne2 Rxe4 24. Nc3 Re3 25. Nb5 Rxd5 26. Nxa7 Re2 27. Rc2 Rxc2 28. Kxc2 Ra5 29.
Nb5 Rxb5 30. Re1 Rf5 31. Re2 Bd4 32. b4 Rf2 33. Rxf2 Bxf2 34. b5 Kf7 35. Kd2 Ke6 36.
Ke2 Bg1 37. h3 Kd5 38. Kf3 Kc5 39. Kg4 Bf2 40. Kg5 Kxb5 41. Kxg6 Ka4 42. Kf5 Ka3 43. Kf4 Kxa2 44. g4 hxg3 45. h4 g2 0-1

[Event "Early-Titled-Tuesday-Blitz-April-02-2024"]
[Site "Chess.com"]
[Date "2024.04.02"]
[Round "2"]
[White "Misterfox120"]
[Black "IsaqueGoncalvesSanto"]
[Result "1-0"]
[WhiteElo "2413"]
[BlackElo "1909"]
[TimeControl "180+1"]
[EndTime "8:17:28 PDT"]
[Termination "Misterfox120 won by checkmate"]

1. d4 d5 2. Nc3 Nf6 3. Bf4 a6 4. e3 c5 5. dxc5 Nc6 6. a3 Qa5 7. b4 Nxb4 8. axb4 Qxb4 9. Qd4 Qb2 10. Rb1 Qxc2 11. Bd3 Qxb1+ 12. Bxb1 e6 13. Nf3 Bd7 14. Be5 Be7 15. e4 Rc8 16. exd5 Bxc5 17. Qd3 Bb4 18. O-O Bxc3 19. Bxc3 Bb5 20. Qd4 Bxf1 21. Kxf1 exd5 22.
Qe3+ Kd8 23. Bxf6+ gxf6 24. Bf5 Rc6 25. Qd2 Rc5 26. g3 Re8 27. Qd4 b6 28. Qxf6+ Re7 29. Qxb6+ Rcc7 30. Nd4 Ke8 31. Qb8+ Rc8 32. Qxc8# 1-0

[Event "Early-Titled-Tuesday-Blitz-April-02-2024"]
[Site "Chess.com"]
[Date "2024.04.02"]
[Round "2"]
[White "AjedrezenMadrid"]
[Black "Evandro_Barbosa"]
[Result "0-1"]
[WhiteElo "2555"]
[BlackElo "2740"]
[TimeControl "180+1"]
[EndTime "8:17:29 PDT"]
[Termination "Evandro_Barbosa won on time"]

1. Nf3 c5 2. b3 Nc6 3. Bb2 d5 4. e3 a6 5. d4 Nf6 6. dxc5 Qa5+ 7. Nbd2 Bg4 8. a3 Qxc5 9. h3 Bh5 10. b4 Qa7 11. c4 Rd8 12. Qb3 dxc4 13. Bxc4 b5 14.
Bd3 e6 15. O-O-O Be7 16. g4 Bg6 17. Bxg6 hxg6 18. g5 Nd5 19. Bxg7 Rg8 20. Bb2 a5 21. e4 Nf4 22. Kb1 axb4 23. axb4 Nxb4 24. Ne5 Nfd3 25.
Ndf3 Qa4 26. Rxd3 Nxd3 27. Qc3 Nxb2 28. Qc6+ Kf8 29. Nd7+ Rxd7 30. Qxd7 Nc4 31. Qd2 Nxd2+ 0-1

[Event "Early-Titled-Tuesday-Blitz-April-02-2024"]
[Site "Chess.com"]
[Date "2024.04.02"]
[Round "2"]
[White "Boundless_Strike"]
[Black "NigiriSushies"]
[Result "1-0"]
[WhiteElo "2670"]
[BlackElo "2264"]
[TimeControl "180+1"]
[EndTime "8:17:29 PDT"]
[Termination "Boundless_Strike won by checkmate"]

1. d4 d5 2. e4 dxe4 3. Nc3 Nf6 4.
f3 exf3 5. Nxf3 c5 6. d5 e6 7. Bb5+ Bd7 8. dxe6 fxe6 9. Qe2 Bxb5 10. Nxb5 Be7 11.
Bf4 Na6 12. O-O O-O 13. Qxe6+ Kh8 14. Rfe1 Qa5 15. c4 Rae8 16. Ne5 h6 17. Ng6+ Kh7 18. Nxe7 Rxe7 19. Qxe7 Re8 20. Qxe8 Nxe8 21. Rxe8 Qb6 22. Rae1 Qf6 23. Be5 Qf7 24. Bc3 Qxc4 25. R8e7 Qxb5 26.
Rxg7+ Kh8 27. Rxb7+ Kg8 28. Rxb5 Nc7 29. Rb7 Ne8 30.
Rxe8# 1-0

[Event "Early-Titled-Tuesday-Blitz-April-02-2024"]
[Site "Chess.com"]
[Date "2024.04.02"]
[Round "2"]
[White "Skatchkov_V"]
[Black "MagnusCarlsen"]
[Result "0-1"]
[WhiteElo "2661"]
[BlackElo "3237"]
[TimeControl "180+1"]
[EndTime "8:17:30 PDT"]
[Termination "MagnusCarlsen won on time"]

1. d4 d5 2. c4 e6 3. Nf3 Nf6 4.
g3 c5 5. cxd5 cxd4 6. Bg2 Bb4+ 7. Bd2 Bc5 8. Nxd4 exd5 9. Nb3 Bb6 10. Nc3 h6 11. O-O O-O 12. Na4 Nc6 13. Nxb6 axb6 14.
Be3 Re8 15. Nd4 Ng4 16. Bf4 Nxd4 17. Qxd4 Rxe2 18. Bf3 Rc2 19. Qd1 Nxh2 20. Kxh2 Rxb2 21. Qxd5 Be6 22. Qxb7 Raxa2 23. Rxa2 Rxa2 24. Bc7 Qf6 25.
Bxb6 Rb2 26. Qa8+ Kh7 27. Be3 Bf5 28. Be4 Qe5 29. Bxf5+ Qxf5 30. Kg2 Rb1 31. Rxb1 Qxb1 32. Qd5 f6 33. Kf3 Qh1+ 0-1

[Event "Early-Titled-Tuesday-Blitz-April-02-2024"]
[Site "Chess.com"]
[Date "2024.04.02"]
[Round "2"]
[White "Byniolus"]
[Black "JacksterThePro"]
[Result "1-0"]
[WhiteElo "2753"]
[BlackElo "2459"]
[TimeControl "180+1"]
[EndTime "8:17:31 PDT"]
[Termination "Byniolus won on time"]

1. d4 Nf6 2. Nf3 e6 3. Bf4 d5 4.
e3 Bd6 5. Bg3 O-O 6. Nbd2 c5 7.
c3 Qc7 8. Be2 Nbd7 9. c4 cxd4 10.
Nxd4 Bxg3 11. hxg3 b6 12. Rc1 Qd6 13. cxd5 exd5 14.
O-O Bb7 15. N2f3 a6 16. Nf5 Qb4 17. Qd4 Qxd4 18. N3xd4 Nc5 19. b4 Ne6 20. Nxe6 fxe6 21.
Nd6 Rfd8 22. Nxb7 Rd7 23. Rc6 Rxb7 24. Rxe6 a5 25. b5 Rc8 26. Rc6 Rxc6 27. bxc6 Rc7 28. Bb5 Ne4 29. Rc1 Kf7 30. g4 Ke6 31. a4 1-0

[Event "Early-Titled-Tuesday-Blitz-April-02-2024"]
[Site "Chess.com"]
[Date "2024.04.02"]
[Round "2"]
[White "stollenmonster"]
[Black "tetrix83"]
[Result "1-0"]
[WhiteElo "2916"]
[BlackElo "2614"]
[TimeControl "180+1"]
[EndTime "8:17:32 PDT"]
[Termination "stollenmonster won on time"]

1. e4 c5 2. Nf3 d6 3. d4 cxd4 4. Nxd4 Nf6 5. Nc3 a6 6. a4 Nc6 7. Nde2 e6 8. g3 Be7 9. Bg2 O-O 10. O-O Qc7 11. Nb1 Rb8 12. c4 b5 13. axb5 axb5 14. cxb5 Rxb5 15. Nbc3 Rb4 16. Ra2 Bb7 17. Bf4 Ne5 18. Qb1 Qc4 19. Rd1 Rc8 20. Rd4 Qb3 21. Qa1 Rxd4 22. Nxd4 Qb6 23. Ra4 Nd3 24. Be3 Nc5 25. Ra7 g6 26. Ndb5 Ng4 27. Bd4 e5 28.
Bxc5 Rxc5 29. h3 Nxf2 30. Kh2 Rxb5 31. Nxb5 Qxb5 32. Qc1 Bf6 33. Qc7 1-0

[Event "Early-Titled-Tuesday-Blitz-April-02-2024"]
[Site "Chess.com"]
[Date "2024.04.02"]
[Round "2"]
[White "Matibar"]
[Black "PavelChernomordik"]
[Result "0-1"]
[WhiteElo "2719"]
[BlackElo "2412"]
[TimeControl "180+1"]
[EndTime "8:17:32 PDT"]
[Termination "PavelChernomordik won by resignation"]

1. Nc3 g6 2. d4 Bg7 3. e4 d6 4. Bg5 h6 5. Be3 a6 6. Qd2 b5 7. h4 Bb7 8. f3 Nd7 9. Nh3 e6 10.
Nf2 Nb6 11. a4 Nc4 12. Bxc4 bxc4 13. Qe2 d5 14. exd5 Bxd5 15. Nxd5 Qxd5 16. Ne4 Rb8 17. c3 Ne7 18. O-O Nf5 19. Bf2 O-O 20. Rad1 Rb6 21. Rd2 Rfb8 22. Nc5 Bf6 23. g3 Be7 24.
Rfd1 a5 25. Kg2 h5 26. Kh3 Qc6 27. Kg2 Nd6 28. d5 exd5 29. Qxe7 Rxb2 30. Qe5 Nf5 31. Kg1 d4 32. Qxd4 Nxd4 33. Bxd4 Qxf3 34. Bf2 Rxd2 35.
Rxd2 Rb1+ 0-1

[Event "Early-Titled-Tuesday-Blitz-April-02-2024"]
[Site "Chess.com"]
[Date "2024.04.02"]
[Round "2"]
[White "Yushko_Olga"]
[Black "Lucky_Puncher"]
[Result "0-1"]
[WhiteElo "2224"]
[BlackElo "2501"]
[TimeControl "180+1"]
[EndTime "8:17:34 PDT"]
[Termination "Lucky_Puncher won by checkmate"]

1. d4 Nf6 2. c4 g6 3. Nc3 Bg7 4.
Nf3 O-O 5. Bg5 d6 6. e3 Nc6 7. Be2 h6 8. Bh4 b6 9. O-O Re8 10. Qc2 Bb7 11. Rfd1 e5 12. dxe5 Nxe5 13. Nxe5 Rxe5 14.
Bg3 Re8 15. Nd5 Qd7 16. Rac1 Ne4 17. Bf3 Nxg3 18. hxg3 Rab8 19. b4 a5 20. a3 axb4 21.
axb4 Bxd5 22. cxd5 Re7 23. Qc6 Qf5 24. e4 Qe5 25. Rc2 Rf8 26. Rdc1 Kh7 27. Qb5 f5 28.
exf5 Rxf5 29. Rxc7 Rxc7 30. Rxc7 Qe1+ 31. Kh2 Qxf2 32.
Qd7 Qd4 33. Qe7 Qb2 34. Kh3 Rg5 35. Qf7 Qe5 36. Qf4 Qa1 37. Qxd6 Qh1# 0-1

[Event "Early-Titled-Tuesday-Blitz-April-02-2024"]
[Site "Chess.com"]
[Date "2024.04.02"]
[Round "2"]
[White "2KTNGO"]
[Black "Onischuk_V"]
[Result "0-1"]
[WhiteElo "2586"]
[BlackElo "2822"]
[TimeControl "180+1"]
[EndTime "8:17:36 PDT"]
[Termination "Onischuk_V won on time"]

1. d4 d6 2. e4 Nf6 3. Nc3 g6 4. Nf3 Bg7 5. Be2 O-O 6. O-O a6 7. h3 Nc6 8. Bg5 h6 9. Be3 e5 10. Qd2 exd4 11. Nxd4 Nxd4 12. Bxd4 Re8 13. Bf3 Bd7 14.
Rfe1 Bc6 15. Rad1 Nd7 16. Be3 Kh7 17. Nd5 Nf6 18. Bf4 Nxd5 19. exd5 Bd7 20. c3 Qh4 21. Be3 Qc4 22. a3 a5 23. Bd4 a4 24. Re3 Rxe3 25. Bxe3 Re8 26. Bd4 Be5 27. Re1 Bxd4 28. Rxe8 Bxe8 29. Qxd4 Qxd4 30. cxd4 Bb5 31. Be4 Kg7 32.
f4 Kf6 33. Kf2 g5 34. Ke3 Bc4 35. Bf3 Kf5 36. g4+ Kf6 37. Be4 Bf1 38. h4 gxh4 39. Kf2 Bh3 40. Bf3 Kg6 41. Kg1 f5 42. gxf5+ Kxf5 43. Kh2 Bg4 0-1

[Event "Early-Titled-Tuesday-Blitz-April-02-2024"]
[Site "Chess.com"]
[Date "2024.04.02"]
[Round "2"]
[White "Likvidator228"]
[Black "DreamsAreFake"]
[Result "1/2-1/2"]
[WhiteElo "2569"]
[BlackElo "2744"]
[TimeControl "180+1"]
[EndTime "8:17:36 PDT"]
[Termination "Game drawn by repetition"]

1. d4 Nf6 2. Bf4 b6 3. e3 Bb7 4.
Nf3 g6 5. c4 Bg7 6. Nc3 O-O 7.
h3 Ne4 8. Nxe4 Bxe4 9. Bd3 Bxd3 10. Qxd3 d6 11. O-O c5 12. Rad1 Nc6 13. d5 Nb4 14. Qb1 b5 15. a3 Na6 16. cxb5 Nc7 17. a4 Qb8 18. b4 cxb4 19. Qxb4 Qb7 20. e4 a6 21. Rb1 axb5 22. axb5 Rfb8 23. b6 Na6 24. Qb5 Nc5 25. Rfe1 Ra4 26. Nd2 Bc3 27. f3 Bxd2 28.
Bxd2 Ra6 29. Be3 Rxb6 30. Qxb6 Qxb6 31. Rxb6 Rxb6 32. Rc1 Rb5 33. Bxc5 dxc5 34. Kf2 Kg7 35.
e5 c4 36. Rxc4 Rxd5 37. f4 Rd3 38. Rc7 e6 39. g3 h6 40. h4 Ra3 41. Kg2 g5 42. h5 g4 43. Kh2 Ra2+ 44. Kg1 Rd2 45. Rb7 Kf8 46. Rb8+ Kg7 47. Rb7 Re2 48. Rc7 Rd2 49.
Rb7 1/2-1/2

[Event "Early-Titled-Tuesday-Blitz-April-02-2024"]
[Site "Chess.com"]
[Date "2024.04.02"]
[Round "2"]
[White "Egor_Koshulyan"]
[Black "Keeper0416"]
[Result "1-0"]
[WhiteElo "2750"]
[BlackElo "2560"]
[TimeControl "180+1"]
[EndTime "8:17:37 PDT"]
[Termination "Egor_Koshulyan won on time"]

1. f4 f5 2. Nf3 Nf6 3. g3 g6 4. Bg2 Bg7 5. O-O O-O 6. d3 d6 7.
Nc3 Nc6 8. e4 e5 9. h3 Kh8 10.
Kh2 Qe7 11. fxe5 dxe5 12. Bg5 Qd6 13. Nh4 Nd4 14. Ne2 fxe4 15. dxe4 Ne6 16. Qxd6 cxd6 17. Be3 Bd7 18. Rad1 Bb5 19. Rfe1 Rfd8 20. Nc3 Be8 21. Rd2 Nd4 22. Bxd4 exd4 23. Ne2 d5 24. e5 Ne4 25. Bxe4 dxe4 26. Rxd4 Bxe5 27. Rxe4 Bxb2 28. Rb4 Be5 29. Rxb7 Bc6 30. Re7 Re8 31. Rxe8+ Rxe8 32. Nf4 Kg7 33. Nd3 Bc3 34. Rxe8 Bxe8 35. g4 a5 36. Kg3 Bf7 37. a3 Ba2 38. Nf3 Bb1 39. Nfe1 Kf6 40. Kf4 1-0

[Event "Early-Titled-Tuesday-Blitz-April-02-2024"]
[Site "Chess.com"]
[Date "2024.04.02"]
[Round "2"]
[White "LileKoridze"]
[Black "Blackwhite017"]
[Result "1-0"]
[WhiteElo "2433"]
[BlackElo "2081"]
[TimeControl "180+1"]
[EndTime "8:17:38 PDT"]
[Termination "LileKoridze won on time"]

1. d4 d5 2. c4 e6 3. Nf3 a6 4. g3 dxc4 5. Bg2 c5 6. O-O cxd4 7. Nxd4 Nf6 8. Qa4+ Qd7 9. Qxc4 b5 10. Qd3 Bb7 11.
Nc3 Bxg2 12. Kxg2 Qb7+ 13. Kg1 Nbd7 14. Rd1 Be7 15. Bg5 O-O 16. Rac1 h6 17. Bxf6 Nxf6 18. Qf3 Qxf3 19. Nxf3 Rfd8 20. Ne5 Rxd1+ 21. Rxd1 Rd8 22.
Nc6 Rxd1+ 23. Nxd1 Bd6 24. e3 Kf8 25. Kf1 Ke8 26. Ke2 Kd7 27. Nd4 Be5 28. Nb3 Kc6 29. h3 Kb6 30. Kd3 Nd7 31. Nc3 a5 32. Nd4 Nc5+ 33.
Kd2 b4 34. Nce2 Ne4+ 35. Ke1 a4 36. b3 axb3 37. axb3 Bf6 38. Nc2 Kc5 39. Nf4 Bc3+ 40.
Ke2 Bf6 41. Nd3+ Kb5 42. Ndxb4 1-0

[Event "Early-Titled-Tuesday-Blitz-April-02-2024"]
[Site "Chess.com"]
[Date "2024.04.02"]
[Round "2"]
[White "lilleper1"]
[Black "Ajedrez_con_German"]
[Result "1-0"]
[WhiteElo "2905"]
[BlackElo "2608"]
[TimeControl "180+1"]
[EndTime "8:17:39 PDT"]
[Termination "lilleper1 won on time"]

1. Nf3 Nf6 2. c4 g6 3. Nc3 Bg7 4. e4 d6 5. d4 O-O 6. Be2 Bg4 7. Be3 Nfd7 8. O-O e5 9. d5 a5 10. a3 Bxf3 11. Bxf3 Nc5 12. Qc2 Nba6 13. Rab1 f5 14. b4 axb4 15. axb4 fxe4 16. Bg4 Nd3 17. Nxe4 Nf4 18.
g3 Kh8 19. gxf4 exf4 20. Bd2 Qh4 21. f3 Rae8 22. Be6 c6 23. Bc3 Nc7 24. Qb2 Nxe6 25.
dxe6 Bxc3 26. Qxc3+ Kg8 27. Nxd6 Rxe6 28. Ne4 Qh3 29.
Qc2 Re5 30. Qg2 Qe6 31. c5 Rff5 32. Kh1 h6 33. Rbd1 Rxe4 34. fxe4 Rg5 35. Qf3 Kg7 36. Qxf4 Re5 37. Qf8+ Kh7 38. Rf7+ 1-0

[Event "Early-Titled-Tuesday-Blitz-April-02-2024"]
[Site "Chess.com"]
[Date "2024.04.02"]
[Round "2"]
[White "tusplingher"]
[Black "GGuseinov"]
[Result "0-1"]
[WhiteElo "2530"]
[BlackElo "2914"]
[TimeControl "180+1"]
[EndTime "8:17:39 PDT"]
[Termination "GGuseinov won by resignation"]

1. e4 c5 2. Nf3 g6 3. d4 cxd4 4. Nxd4 Nc6 5. c4 Nf6 6. Nc3 d6 7. Be2 Nxd4 8. Qxd4 Bg7 9. O-O O-O 10. Qd3 a5 11.
Be3 a4 12. Rad1 Qa5 13. Bd4 Bd7 14. Bxf6 Bxf6 15. Nd5 Ra6 16. Nxf6+ exf6 17. b3 Be6 18. Qd2 axb3 19. axb3 Qxd2 20. Rxd2 Rb6 21. Rd3 Ra8 22. Rfd1 Ra3 23. Rxd6 Rxd6 24. Rxd6 Rxb3 25. g3 Rb2 26.
Bf1 Kf8 27. Rd8+ Ke7 28. Rb8 Kd6 29. Kg2 Kc5 30. Kf3 h5 31. h4 b6 32. Rb7 Kd4 33.
Rc7 Rb3+ 34. Kf4 Bg4 35. Bg2 Rb2 36. f3 Rxg2 37. Rxf7 Rf2 38. Rxf6 Rxf3+ 39. Kg5 Rxf6 40. Kxf6 Kxe4 41. Kxg6 Kd4 42. c5 Kxc5 0-1

[Event "Early-Titled-Tuesday-Blitz-April-02-2024"]
[Site "Chess.com"]
[Date "2024.04.02"]
[Round "2"]
[White "ural58"]
[Black "Zurability"]
[Result "1/2-1/2"]
[WhiteElo "2477"]
[BlackElo "2705"]
[TimeControl "180+1"]
[EndTime "8:17:40 PDT"]
[Termination "Game drawn by repetition"]

1. e4 c5 2. b3 g6 3. Bb2 Nf6 4. e5 Nd5 5. Nc3 Nxc3 6. Bxc3 Bg7 7. h4 Nc6 8. Qe2 d6 9. exd6 Bxc3 10. dxc3 Qxd6 11.
h5 O-O 12. Rd1 Qe5 13. Qxe5 Nxe5 14. Be2 Bf5 15. f4 Ng4 16. Rd2 Rad8 17. Bxg4 Bxg4 18. hxg6 hxg6 19. Ne2 Rxd2 20. Kxd2 Rd8+ 21. Ke3 Rd6 22. Ng3 b6 23. b4 cxb4 24. cxb4 Rc6 25. Kd2 Rc4 26. Re1 Kf8 27. Re4 Rc7 28. c3 Be6 29.
a4 Rd7+ 30. Kc2 Ke8 31. Re3 Bd5 32. Re2 Bc6 33. b5 Bd5 34. Ne4 Kd8 35. g3 Bc4 36.
Rd2 Bd5 37. Rd4 Kc7 38. c4 Bb7 39. Kc3 f6 40. Rxd7+ Kxd7 41. Nf2 Kd6 42. Nd3 e5 43. fxe5+ fxe5 44. c5+ bxc5 45. Kc4 Bd5+ 46. Kc3 c4 47. Nb4 Be6 48. Nc2 Kc5 49. Ne3 e4 50. Nd1 Bd7 51. Ne3 Be6 52. Nd1 Bc8 53. Ne3 Be6 1/2-1/2

[Event "Early-Titled-Tuesday-Blitz-April-02-2024"]
[Site "Chess.com"]
[Date "2024.04.02"]
[Round "2"]
[White "GoValya"]
[Black "santosalberto1987"]
[Result "0-1"]
[WhiteElo "2237"]
[BlackElo "2508"]
[TimeControl "180+1"]
[EndTime "8:17:40 PDT"]
[Termination "santosalberto1987 won by resignation"]

1. d4 Nf6 2. Nf3 d5 3. g3 e6 4. Bg2 Be7 5. O-O O-O 6. c4 dxc4 7. Nc3 a6 8. Ne5 Nc6 9. Nxc6 bxc6 10. Bxc6 Rb8 11. Bg2 c5 12. dxc5 Bxc5 13. Qa4 Rb4 14. Qc2 Qc7 15. Bg5 Bb7 16. e4 Qb6 17. Na4 Qb5 18.
Nxc5 Qxc5 19. Bxf6 gxf6 20. Qc3 Kg7 21. Rac1 Qb5 22.
Rc2 Rd8 23. Qf3 Rxb2 24. Qg4+ Kh8 25. Qf4 Kg7 26. Rxb2 Qxb2 27. e5 Rd7 28. Qg4+ Kh8 29. Qxc4 Bxg2 30. Qc8+ Kg7 31. exf6+ Qxf6 32. Qxd7 Bxf1 33.
Kxf1 Qa1+ 34. Kg2 Qxa2 35. Qd3 Qd5+ 36. Qxd5 exd5 37. Kf3 Kf6 38. Ke3 a5 39. Kd3 a4 40.
Kc3 Ke5 41. Kb4 Kd4 42. Kxa4 Kc3 43. Kb5 d4 0-1

[Event "Early-Titled-Tuesday-Blitz-April-02-2024"]
[Site "Chess.com"]
[Date "2024.04.02"]
[Round "2"]
[White "Radzio1987"]
[Black "ahkashefi2800"]
[Result "1-0"]
[WhiteElo "2905"]
[BlackElo "2609"]
[TimeControl "180+1"]
[EndTime "8:17:41 PDT"]
[Termination "Radzio1987 won on time"]

1. c4 c6 2. Nf3 Nf6 3. e3 d5 4. Qc2 g6 5. d4 Bg7 6. Be2 O-O 7.
O-O Bf5 8. Qb3 Qb6 9. Nc3 Be6 10. Ng5 dxc4 11. Qxb6 axb6 12. Nxe6 fxe6 13. Bxc4 Nd5 14. e4 Nc7 15. Rd1 Kh8 16. Bg5 Bf6 17. Bf4 Nba6 18.
Bxc7 Nxc7 19. e5 Bg7 20. g3 b5 21. Bb3 Nd5 22. Ne4 Nc7 23. Rac1 Rfd8 24. Ng5 Rdb8 25.
f4 Bh6 26. Ne4 Kg7 27. h4 Kf7 28. Kf2 Kf8 29. Nc5 Kf7 30. Kf3 Bg7 31. Ke4 Kf8 32.
Nd7+ Ke8 33. Nxb8 Rxb8 34. h5 Kf7 35. Rh1 Rd8 36. h6 Bf8 37. g4 Ke8 38. g5 Kf7 39. Rc2 Rd7 40. Ra1 Rd8 41. a4 Ra8 42. Rcc1 b4 43. a5 1-0

[Event "Early-Titled-Tuesday-Blitz-April-02-2024"]
[Site "Chess.com"]
[Date "2024.04.02"]
[Round "2"]
[White "superchess02"]
[Black "Matrix3x3a"]
[Result "1-0"]
[WhiteElo "2852"]
[BlackElo "2591"]
[TimeControl "180+1"]
[EndTime "8:17:41 PDT"]
[Termination "superchess02 won by resignation"]

1. d4 Nf6 2. c4 e6 3. Nf3 b6 4. Nc3 Bb4 5. Bg5 Bb7 6. e3 h6 7.
Bh4 g5 8. Bg3 Ne4 9. Qc2 d6 10.
Bd3 Bxc3+ 11. bxc3 Nxg3 12. hxg3 Nd7 13. e4 e5 14. Nd2 Qf6 15. d5 O-O-O 16. Nf1 Kb8 17. Ne3 Nc5 18. Be2 Qg6 19. Nf5 Bc8 20. Bh5 Qf6 21.
Ne3 Bd7 22. f3 a5 23. Qd2 Qg7 24. Ke2 Rhf8 25. Bg4 Qg6 26. Bf5 Qf6 27. Ng4 Qe7 28.
Bxd7 Rxd7 29. Rxh6 f5 30. exf5 e4 31. f4 gxf4 32. Qxf4 Nd3 33. Qe3 Rxf5 34. Rf1 Rxf1 35. Kxf1 Rd8 36. Re6 Qf7+ 37. Ke2 Rg8 38. Rxe4 Nc5 39.
Rf4 Qg7 40. Qf3 Qe5+ 41. Nxe5 1-0

[Event "Early-Titled-Tuesday-Blitz-April-02-2024"]
[Site "Chess.com"]
[Date "2024.04.02"]
[Round "2"]
[White "JimDiGrease"]
[Black "Aslanov_Umid"]
[Result "0-1"]
[WhiteElo "2954"]
[BlackElo "2644"]
[TimeControl "180+1"]
[EndTime "8:17:42 PDT"]
[Termination "Aslanov_Umid won on time"]

1. d4 d5 2. c4 e6 3. Nf3 Nf6 4. Qc2 Be7 5. cxd5 exd5 6. Bf4 c6 7. e3 O-O 8. Nc3 Bg4 9. Bd3 Bh5 10. Nh4 Bg6 11.
Nf5 Re8 12. O-O Nbd7 13. Rab1 a5 14. a3 Nf8 15. Rfc1 Ne6 16. Be5 Nd7 17. Bg3 Bf8 18.
b4 axb4 19. axb4 b5 20. Ne2 Rc8 21. e4 Nb6 22. e5 Nc4 23. Rb3 Ra8 24. Nh4 Qb6 25.
Rd1 Ra4 26. f4 Ne3 27. Qd2 Nxd1 28. Qxd1 Nxd4 29. Bf2 Bxd3 30. Nxd4 Bc4 31. Rb1 c5 32. bxc5 Bxc5 33. Nhf5 g6 34. Qg4 Bd3 35. Nh6+ Kg7 36. Rd1 Bxd4 0-1